AoeStats
← Sozen

Arabia

509705835Analyzed
4v4 RM · 6d ago on Sep 27, 2026· 31m 6s· 8 players
Game mode
Random Map
Map size
Large (8 player)
Population
200
Speed
Normal
Resources
Standard
Victory
Conquest
Starting age
Dark Age
Ending age
Imperial Age
RankedLock teamsTeams togetherTeam positionsShared explorationLock speedFull tech treeHidden civsTurbo modeCheats
Victory
Defeat
🇩🇪 Wei · Germany
1234
+16
🇷🇴 Chinese · Romania
1200
+17
🇺🇸 Shu · United States
1175
+18
🇺🇸 Khitans · United States
1163
+19
🇺🇸 Bohemians · United States
1266
-19
🇹🇷 Vietnamese · Türkiye
1224
-17
🇮🇳 Georgians · India
1216
-17
🇺🇸 Britons · United States
1207
-17
smyracula
6:59 Loom
9:47 Feudal Age
14:51 Double-Bit Axe
20:31 Fletching
25:15 Castle Age
26:17 Bow Saw
26:00 Gold Mining
26:19 Scale Barding Armor
26:25 Forging
25:39 Crossbowman
Sozen
6:12 Loom
9:30 Feudal Age
9:59 Double-Bit Axe
10:16 Horse Collar
16:34 Wheelbarrow
18:14 Forging
22:25 Castle Age
21:20 Town Watch
23:27 Bow Saw
24:04 Pikeman
25:33 Scale Mail Armor
26:23 Squires
Jester
7:19 Loom
9:05 Feudal Age
10:12 Double-Bit Axe
13:39 Fletching
18:25 Padded Archer Armor
24:10 Castle Age
22:39 Horse Collar
23:01 Stone Mining
23:04 Gold Mining
24:13 Crossbowman
AztecKiller2427
4:39 Loom
10:15 Feudal Age
11:58 Double-Bit Axe
16:05 Scale Barding Armor
22:08 Castle Age
21:02 Bloodlines
21:18 Forging
21:00 Horse Collar
23:14 Chain Barding Armor
23:25 Husbandry
25:11 Heavy Plow
26:09 Bow Saw
Atlan
9:53 Feudal Age
14:02 Castle Age
12:19 Horse Collar
13:53 Double-Bit Axe
16:39 Bow Saw
18:16 Loom
19:08 Wheelbarrow
19:35 Heavy Plow
19:56 Scale Barding Armor
22:43 Forging
23:38 Husbandry
25:24 Hand Cart
26:16 Stone Mining
26:16 Gold Mining
26:49 Fletching
27:30 Town Watch
28:59 Bloodlines
29:12 Chain Barding Armor
30:04 Iron Casting
MRP9NDA
0:28 Loom
10:12 Feudal Age
13:29 Double-Bit Axe
14:49 Horse Collar
15:18 Fletching
24:41 Castle Age
24:00 Padded Archer Armor
25:43 Wheelbarrow
25:09 Gold Mining
25:32 Bow Saw
25:25 Heavy Plow
26:28 Bodkin Arrow
26:48 Leather Archer Armor
27:10 Elite Skirmisher
27:35 Pikeman
NoStaks
7:16 Loom
9:42 Feudal Age
10:33 Double-Bit Axe
13:25 Domestication
15:56 Forging
20:39 Castle Age
19:04 Scale Barding Armor
20:04 Wheelbarrow
22:27 Iron Casting
22:33 Chain Barding Armor
21:57 Light Cavalry
23:07 Pastoralism
27:06 Husbandry
dingus
7:13 Loom
9:09 Feudal Age
10:03 Man-at-Arms
13:01 Fletching
14:12 Double-Bit Axe
19:04 Padded Archer Armor
22:44 Castle Age
23:16 Castle Age
23:56 Horse Collar
24:11 Gold Mining
24:17 Bodkin Arrow
24:34 Bow Saw
23:48 Crossbowman
27:14 Heavy Plow
29:27 Ballistics
30:20 Wheelbarrow
Connection lost

Rejoining the realm…

Still unreachable

The connection could not be restored.

Session expired

The server has moved on; the page needs a fresh start.